[Event "Titled Tuesday Blitz February 15 Early 2022"]
[White "Nurmanova, Alua"]
[Black "Avila Pavas, Santiago"]
[WhiteFideId "13729390"]
[BlackFideId "4437128"]
[WhiteElo "1851"]
[BlackElo "2242"]
[Result "1-0"]
[Round "03"]
[TimeControl "180+1"]
[Date "2022.02.15"]
[WhiteClock "0:00:44"]
[BlackClock "0:01:46"]

1. e4 Nf6 2. e5 Nd5 3. d4 d6 4. Nf3 g6 5. Bc4 Nb6 6. Bb3 Bg7 7. Ng5 e6 8. Qf3 Qe7 9. Ne4 dxe5 10. Bg5 Qb4+ 11. c3 Qa5 12. Bf6 O-O 13. Bxg7 Kxg7 14. Qf6+ Kg8 15. Qg5 N6d7 16. Nbd2 Nc6 17. Nc4 Qb5 18. Qh6 exd4 19. Ng5 Nf6 20. O-O dxc3 21. Ne3 e5 22. Nd5 Nxd5 23. Qxh7# 1-0


[Site "https://www.chess.com"]

[Event "Titled Tuesday Blitz February 15 Early 2022"]
[White "Osmak, Yuliia"]
[Black "Magallanes, Rey Jomar"]
[WhiteFideId "14101602"]
[BlackFideId "5205948"]
[WhiteElo "2302"]
[BlackElo "2211"]
[Result "1-0"]
[Round "03"]
[TimeControl "180+1"]
[Date "2022.02.15"]
[WhiteClock "0:00:06"]
[BlackClock "0:00:12"]

1. e4 e5 2. Nf3 Nc6 3. Bb5 a6 4. Ba4 Nf6 5. Qe2 b5 6. Bb3 Be7 7. O-O O-O 8. c3 d5 9. d3 Be6 10. Rd1 d4 11. Bxe6 fxe6 12. a4 Qd6 13. Na3 Qc5 14. Bd2 Rab8 15. axb5 axb5 16. Nc2 dxc3 17. bxc3 Nh5 18. g3 Rf7 19. Nfe1 g6 20. Ne3 Rbf8 21. Ng4 Kh8 22. Be3 Qxc3 23. Rac1 Nd4 24. Qa2 Qa3 25. Qxa3 Bxa3 26. Bxd4 exd4 27. Rc6 e5 28. Nc2 Bd6 29. Rf1 Rf3 30. Ne1 R3f7 31. f3 b4 32. Rf2 Nf6 33. Nxf6 Rxf6 34. Rb2 Rxf3 35. Nxf3 Rxf3 36. Rd2 g5 37. Kg2 g4 38. Ra6 Kg7 39. Ra7 h5 40. Rb7 Kf6 41. Rd1 Ke6 42. Rd2 Re3 43. Kf2 Rf3+ 44. Kg2 h4 45. gxh4 Rh3 46. h5 Kf6 47. Rf2+ Kg7 48. Rf5 Rxd3 49. Rg5+ Kh6 50. Rxg4 Kxh5 51. Rg3 Rd2+ 52. Kh3 Re2 53. Rb8 1-0


[Site "https://www.chess.com"]

[Event "Titled Tuesday Blitz February 15 Early 2022"]
[White "Osmonbekov, Talaibek"]
[Black "Ezat, Mohamed"]
[WhiteFideId "2017253"]
[BlackFideId "10600906"]
[WhiteElo "2135"]
[BlackElo "2386"]
[Result "0-1"]
[Round "03"]
[TimeControl "180+1"]
[Date "2022.02.15"]
[WhiteClock "0:01:17"]
[BlackClock "0:02:04"]

1. d4 Nf6 2. Nc3 g6 3. Bf4 d5 4. e3 Bg7 5. h4 O-O 6. h5 c5 7. Be2 Nc6 8. hxg6 hxg6 9. Nf3 Bg4 10. Ne5 Bxe2 11. Qxe2 cxd4 12. exd4 Nxd4 13. Qd3 Ne6 14. Bd2 d4 15. Ne4 Qd5 16. Nxf6+ exf6 17. Qh3 Qxe5+ 18. Kd1 Rfe8 19. Qh7+ Kf8 20. Bh6 Bxh6 21. Qxh6+ Ke7 22. Re1 Qh5+ 23. Qxh5 gxh5 24. Kd2 Rg8 25. g3 Rg4 26. Rh1 Rh8 27. Rae1 Kd6 28. Kd3 h4 29. Rh3 Ng5 30. Rxh4 Rhxh4 31. gxh4 Rxh4 32. Re8 Ne6 33. Ra8 a6 34. Rb8 Rh2 35. f3 Rf2 36. Rxb7 Nc5+ 0-1


[Site "https://www.chess.com"]

[Event "Titled Tuesday Blitz February 15 Early 2022"]
[White "Ovezdurdyyeva, Jemal"]
[Black "Kuznecovs, Nikita"]
[WhiteFideId "14001888"]
[BlackFideId "11604557"]
[WhiteElo "1946"]
[BlackElo "2127"]
[Result "1-0"]
[Round "03"]
[TimeControl "180+1"]
[Date "2022.02.15"]
[WhiteClock "0:00:06"]
[BlackClock "0:00:02"]

1. e4 e6 2. d4 d5 3. Nc3 Nf6 4. e5 Nfd7 5. f4 c5 6. Be3 Nc6 7. Nf3 Be7 8. Be2 O-O 9. O-O b6 10. Kh1 Bb7 11. f5 cxd4 12. Nxd4 Bc5 13. fxe6 Bxd4 14. exf7+ Rxf7 15. Bxd4 Rxf1+ 16. Bxf1 Ndxe5 17. Bf2 d4 18. Nb5 Qf6 19. Bxd4 Nxd4 20. Qxd4 Rf8 21. Bc4+ Kh8 22. Bd3 Qc6 23. Rg1 Nf3 24. Qd6 Qxd6 25. Nxd6 Nxg1 26. Nxb7 Nf3 27. gxf3 Rxf3 28. Kg2 Rf6 29. Nd8 g6 30. Be4 Kg7 31. Nc6 a5 32. Bf3 h5 33. Ne5 Kh6 34. Nc4 g5 35. h3 Re6 36. Kf2 Rf6 37. Ne3 b5 38. c3 Kg6 39. Kg3 Rd6 40. Be4+ Kh6 41. Nf5+ 1-0


[Site "https://www.chess.com"]

[Event "Titled Tuesday Blitz February 15 Early 2022"]
[White "Paravyan, David"]
[Black "Goryachkina, Aleksandra"]
[WhiteFideId "4194985"]
[BlackFideId "4147103"]
[WhiteElo "2569"]
[BlackElo "2426"]
[Result "1-0"]
[Round "03"]
[TimeControl "180+1"]
[Date "2022.02.15"]
[WhiteClock "0:00:04"]
[BlackClock "0:00:01"]

1. e4 c5 2. Nf3 e6 3. d4 cxd4 4. Nxd4 Nf6 5. Nc3 Nc6 6. Nxc6 bxc6 7. e5 Nd5 8. Ne4 Qc7 9. f4 f5 10. exf6 gxf6 11. Qh5+ Kd8 12. Bd2 Nxf4 13. Qf3 Nd5 14. c4 Be7 15. cxd5 cxd5 16. Nc3 Bb7 17. Nb5 Qe5+ 18. Qe2 a5 19. Bc3 Qxe2+ 20. Bxe2 e5 21. Bf3 Bc6 22. a4 d4 23. Bxc6 dxc6 24. Nxd4 exd4 25. Bxd4 Kc7 26. O-O Rhf8 27. Rae1 Rf7 28. Re4 Rd8 29. Bc3 Rd5 30. g3 f5 31. Re6 Bb4 32. Rc1 Bxc3 33. Rxc3 Rd6 34. Re2 Kb6 35. Rf2 Rd5 36. Kg2 Rc5 37. Rb3+ Kc7 38. Rbf3 Rd5 39. h3 Rc5 40. Kh2 Rd5 41. g4 f4 42. Rxf4 Rxf4 43. Rxf4 Rd2+ 44. Kg3 Rxb2 45. Rf7+ Kd6 46. Rxh7 c5 47. Kf4 Rf2+ 48. Ke4 c4 49. Rh8 c3 50. Rc8 c2 51. g5 Rh2 52. Kf5 Rg2 53. h4 Kd7 54. Rc3 Rf2+ 55. Kg6 1-0


[Site "https://www.chess.com"]

[Event "Titled Tuesday Blitz February 15 Early 2022"]
[White "Petesch, Gabriel"]
[Black "Samarth, J Rao"]
[WhiteFideId "2032465"]
[BlackFideId "46652370"]
[WhiteElo "2374"]
[BlackElo "1514"]
[Result "1-0"]
[Round "03"]
[TimeControl "180+1"]
[Date "2022.02.15"]
[WhiteClock "0:00:05"]
[BlackClock "0:00:01"]

1. Nf3 d5 2. g3 Nf6 3. Bg2 d4 4. O-O c5 5. c3 Nc6 6. b3 e5 7. Bb2 Bd6 8. Na3 O-O 9. Rc1 Re8 10. Nc4 Bc7 11. d3 h6 12. cxd4 cxd4 13. Nfd2 Nd5 14. a3 Rb8 15. Qc2 Nde7 16. b4 a6 17. Nb3 Be6 18. Nc5 Bd5 19. e4 dxe3 20. fxe3 Bxg2 21. Qxg2 b5 22. Nd2 Bb6 23. Ndb3 Nd5 24. Qf3 Re7 25. Kh1 Rc8 26. Rce1 a5 27. bxa5 Nxa5 28. Rc1 Nxb3 29. Nxb3 Nxe3 30. Rfe1 Rxc1 31. Bxc1 Qd5 32. Qxd5 Nxd5 33. Bb2 f6 34. d4 e4 35. Kg2 f5 36. Rc1 Rc7 37. Nc5 Bxc5 38. dxc5 Ne3+ 39. Kf2 Nc4 40. Bd4 Rd7 41. Be3 Nxe3 42. Kxe3 Rc7 43. Kf4 g6 44. Ke5 Kf7 45. Kd6 Re7 46. c6 e3 47. c7 e2 48. c8=Q e1=Q 49. Rxe1 Rxe1 50. Qd7+ Kf6 51. Qd8+ Kf7 52. Qd7+ Kf6 53. Qxb5 Rd1+ 54. Kc5 Re1 55. Qb2+ Ke6 56. a4 Re5+ 57. Kc6 Re4 58. a5 Rc4+ 59. Kb6 Rc8 60. Kb7 1-0


[Site "https://www.chess.com"]

[Event "Titled Tuesday Blitz February 15 Early 2022"]
[White "Pichot, Alan"]
[Black "Voege, Tobias"]
[WhiteFideId "110973"]
[BlackFideId "1270513"]
[WhiteElo "2543"]
[BlackElo "2335"]
[Result "1-0"]
[Round "03"]
[TimeControl "180+1"]
[Date "2022.02.15"]
[WhiteClock "0:00:38"]
[BlackClock "0:00:10"]

1. e4 c5 2. Nf3 Nc6 3. d4 cxd4 4. Nxd4 g6 5. c4 Bg7 6. Be3 Nf6 7. Nc3 O-O 8. Be2 d6 9. O-O Nxd4 10. Bxd4 a5 11. b3 Bd7 12. h3 Bc6 13. Qc2 Re8 14. Rad1 Qc8 15. Rfe1 b5 16. cxb5 Bxe4 17. Qb2 Bb7 18. Na4 Qf5 19. Nb6 Rab8 20. Nc4 Qxb5 21. Nxd6 Qc6 22. Nxb7 Qxb7 23. Bf3 Qb5 24. Re5 Qa6 25. Bc3 Nh5 26. Bxh5 Bxe5 27. Bxe5 gxh5 28. Bxb8 Rxb8 29. Qe5 Qb6 30. Qxe7 Qg6 31. Rd5 h6 32. Rxa5 Rc8 33. Rc5 Ra8 34. Qe2 Qb1+ 35. Kh2 Rxa2 36. Rc8+ Kh7 37. Qf3 Qg6 38. g3 Ra6 39. Rc4 Rf6 40. Rf4 Rxf4 41. Qxf4 Qe6 42. b4 Qa2 43. Kg2 Qd5+ 44. Qf3 Qa2 45. Qxh5 Qb3 46. b5 Kg7 47. Qc5 Qb1 48. Qc6 h5 49. h4 1-0


[Site "https://www.chess.com"]

[Event "Titled Tuesday Blitz February 15 Early 2022"]
[White "Piliczewski, Bogusz"]
[Black "Jain, Naveen"]
[WhiteFideId "1104144"]
[BlackFideId "5003970"]
[WhiteElo "1896"]
[BlackElo "2036"]
[Result "0-1"]
[Round "03"]
[TimeControl "180+1"]
[Date "2022.02.15"]
[WhiteClock "0:00:08"]
[BlackClock "0:01:43"]

1. d4 Nf6 2. Nf3 c5 3. c3 d5 4. Bf4 Nc6 5. e3 Qb6 6. Qb3 c4 7. Qxb6 axb6 8. Nbd2 Bf5 9. a3 e6 10. h3 b5 11. g4 Bg6 12. Ne5 b4 13. Nxg6 hxg6 14. cxb4 Nxb4 15. Rb1 Nc6 16. Bg2 b5 17. O-O b4 18. axb4 Bxb4 19. Nf3 Kd7 20. Rfd1 Ne4 21. Ne5+ Nxe5 22. Bxe5 Nd2 23. Ra1 Nb3 24. Rxa8 Rxa8 25. Bxg7 Ra2 26. h4 Rxb2 27. h5 c3 28. h6 c2 29. Rf1 Nd2 30. h7 Nxf1 31. h8=Q c1=Q 32. Bxf1 Be1 33. Bb5+ Rxb5 34. Qf8 Bxf2+ 35. Kxf2 Rb2+ 36. Kg3 Qxe3+ 37. Kh4 Rh2# 0-1


[Site "https://www.chess.com"]

[Event "Titled Tuesday Blitz February 15 Early 2022"]
[White "Pinheiro, Iung Alicio de O."]
[Black "Moskvin, Anatoly"]
[WhiteFideId "2104350"]
[BlackFideId "24199990"]
[WhiteElo "2653"]
[BlackElo "2079"]
[Result "0-1"]
[Round "03"]
[TimeControl "180+1"]
[Date "2022.02.15"]
[WhiteClock "0:00:21"]
[BlackClock "0:00:11"]

1. e4 e5 2. Bc4 Nc6 3. d3 Nf6 4. Nc3 Na5 5. Qf3 Bb4 6. Ne2 h6 7. a3 Bxc3+ 8. Nxc3 Nxc4 9. dxc4 d6 10. h3 Be6 11. b3 c6 12. O-O Qc7 13. Be3 O-O 14. Qg3 Kh8 15. Qh4 Nh7 16. f4 exf4 17. Qxf4 Qe7 18. Rad1 Rfd8 19. Bd4 Qg5 20. Qf3 Nf8 21. Rd3 Ng6 22. Rfd1 Ne5 23. Bxe5 dxe5 24. Na4 b6 25. Nc3 Kg8 26. Ne2 Kf8 27. Kf2 Ke7 28. Ng1 c5 29. Qe3 Rd4 30. Qxg5+ hxg5 31. c3 Rxe4 32. Ne2 f6 33. Rd6 Rh8 34. Rc6 Rc8 35. Rcd6 g4 36. h4 g3+ 37. Nxg3 Rf4+ 38. Ke3 Rxh4 39. Ne4 Rg4 40. R1d2 f5 41. Nf2 Rg3+ 42. Ke2 e4 43. Kf1 e3 44. Rxe6+ Kxe6 45. Re2 f4 46. Nh3 Kf5 47. Ng1 Rd8 48. Nf3 Rd1+ 49. Re1 Rxe1+ 50. Nxe1 Ke4 51. Ke2 Rxg2+ 52. Nxg2 f3+ 53. Kf1 fxg2+ 54. Kxg2 Kd3 55. Kf3 e2 56. Kf2 e1=Q+ 57. Kxe1 Kxc3 58. b4 cxb4 59. axb4 Kxc4 60. Kd2 Kxb4 61. Ke3 a5 62. Kd3 a4 63. Kc2 a3 64. Kb1 g5 65. Ka2 g4 66. Ka1 g3 67. Ka2 g2 68. Kb1 Kc3 69. Ka2 g1=Q 70. Kxa3 Qa1# 0-1


[Site "https://www.chess.com"]

[Event "Titled Tuesday Blitz February 15 Early 2022"]
[White "Plotnikov, Pavel"]
[Black "Lodici, Lorenzo"]
[WhiteFideId "4170342"]
[BlackFideId "884189"]
[WhiteElo "2298"]
[BlackElo "2265"]
[Result "0-1"]
[Round "03"]
[TimeControl "180+1"]
[Date "2022.02.15"]
[WhiteClock "0:00:15"]
[BlackClock "0:00:32"]

1. e4 c5 2. c3 d5 3. exd5 Qxd5 4. d4 Nc6 5. Nf3 Bf5 6. Be2 cxd4 7. cxd4 Bxb1 8. Rxb1 e6 9. O-O Bd6 10. b4 Nf6 11. b5 Ne7 12. Ne5 Bxe5 13. dxe5 Qxd1 14. Rxd1 Nfd5 15. Bb2 Kd7 16. Rbc1 Rhc8 17. Bd3 h6 18. g3 Rxc1 19. Rxc1 Rc8 20. Rxc8 Nxc8 21. Bd4 Kc7 22. a4 Nb4 23. Bh7 Kd7 24. a5 a6 25. Be4 axb5 26. Bxb7 Nc6 27. Bc5 Nxa5 28. Be4 g6 29. g4 Nc4 30. Kf1 Nxe5 31. f3 Nd6 32. Ba8 Nc6 33. Ke2 Kc7 34. Kd3 h5 35. gxh5 gxh5 36. Be3 f6 37. h4 Nc8 38. Bd4 Nxd4 39. Kxd4 Kd6 40. Bb7 Ne7 41. Ba6 Nf5+ 42. Ke4 Nxh4 43. Bxb5 e5 44. Be8 f5+ 45. Ke3 Ng2+ 46. Kf2 Nf4 47. Ke3 Ke6 48. Kf2 Kf6 49. Kg3 Kg5 50. Bb5 h4+ 51. Kf2 Kf6 52. Ba6 e4 53. fxe4 fxe4 54. Bb7 Ke5 55. Bc6 Kd4 56. Bb7 Kd3 57. Kg1 e3 58. Kh2 e2 59. Ba6+ Ke3 0-1


[Site "https://www.chess.com"]

[Event "Titled Tuesday Blitz February 15 Early 2022"]
[White "Politov, Pavel Y."]
[Black "Dzhaparov, Medet"]
[WhiteFideId "24110515"]
[BlackFideId "13803689"]
[WhiteElo "2090"]
[BlackElo "1702"]
[Result "1-0"]
[Round "03"]
[TimeControl "180+1"]
[Date "2022.02.15"]
[WhiteClock "0:00:04"]
[BlackClock "0:00:21"]

1. e4 e5 2. Nf3 Nc6 3. Bc4 Bc5 4. O-O Nf6 5. d3 d6 6. c3 O-O 7. Nbd2 Bg4 8. Re1 a6 9. Nf1 b5 10. Bb3 Na5 11. Bc2 Nc6 12. Ng3 b4 13. h3 Be6 14. d4 exd4 15. cxd4 Bb6 16. d5 Bd7 17. dxc6 Bxc6 18. Be3 Bxe3 19. Rxe3 Re8 20. e5 Bxf3 21. Qxf3 dxe5 22. Rd1 Qe7 23. Nf5 Qc5 24. Be4 Nxe4 25. Rxe4 Rad8 26. Rxd8 Rxd8 27. Qg3 Qf8 28. Qxe5 Rd1+ 29. Kh2 f6 30. Qe6+ Kh8 31. Qe8 Rd8 32. Qxf8+ Rxf8 33. Rc4 Rc8 34. Ne7 Rd8 35. Rxc7 g6 36. Nc6 Rd2 37. Nxb4 Rxb2 38. a3 Rxf2 39. Rc6 f5 40. Rxa6 f4 41. Kg1 Rb2 42. Rf6 g5 43. Rf5 h6 44. Rb5 Rb3 45. a4 Ra3 46. a5 Kg7 47. a6 Kg6 48. Rb7 Kh5 49. Rb6 Kh4 50. Rxh6+ Kg3 51. Nc2 Rc3 52. Ne1 Rc1 53. Re6 Ra1 54. Re2 g4 55. hxg4 Kxg4 56. Kf2 Rxa6 57. Nf3 Ra3 58. Rd2 Re3 59. Re2 Ra3 60. Ne5+ Kf5 61. Nf3 Rd3 62. Nh2 Rg3 63. Nf3 Rg4 64. Re5+ Kf6 65. Rc5 Rg8 66. Rc6+ Kf5 67. Rc5+ Kg4 68. Rc4 Ra8 69. Rc2 Ra3 70. Rd2 Rb3 71. Ne5+ Kf5 72. Nf3 Re3 73. Re2 Ra3 74. Re5+ Kg4 75. Rg5# 1-0


[Site "https://www.chess.com"]

[Event "Titled Tuesday Blitz February 15 Early 2022"]
[White "Ponkratov, Pavel"]
[Black "Vetokhin, Ilia"]
[WhiteFideId "4157800"]
[BlackFideId "24156078"]
[WhiteElo "2487"]
[BlackElo "1897"]
[Result "1-0"]
[Round "03"]
[TimeControl "180+1"]
[Date "2022.02.15"]
[WhiteClock "0:00:09"]
[BlackClock "0:00:01"]

1. Nf3 Nf6 2. c4 g6 3. Nc3 Bg7 4. e4 O-O 5. d4 d6 6. h4 c5 7. d5 e6 8. Be2 exd5 9. cxd5 Re8 10. Nd2 h6 11. a4 b6 12. Ra3 Ba6 13. g4 Bxe2 14. Qxe2 Nbd7 15. h5 g5 16. f3 Ne5 17. O-O a6 18. Re1 Qc7 19. Nf1 Reb8 20. Ng3 Bf8 21. Kg2 c4 22. Nf5 Nd3 23. Rf1 b5 24. axb5 axb5 25. Rxa8 Rxa8 26. Nxb5 Qb8 27. Nbd4 Ra1 28. Qc2 Nd7 29. Qxc4 Nxc1 30. Rxc1 Qxb2+ 31. Rc2 Qb1 32. Ng3 Qg1+ 33. Kh3 Ne5 34. Qc3 Re1 35. Ndf5 Rb1 36. Rg2 Qd1 37. Rf2 Rb3 38. Qc8 Rxf3 39. Rxf3 Qxf3 40. Nxh6+ Kg7 41. Nf5+ Kg8 42. Ne7+ Kg7 43. h6+ Kf6 44. Ng8+ Kg6 45. Qxf8 Qxg4+ 46. Kg2 Qd1 47. Qg7# 1-0


[Site "https://www.chess.com"]

[Event "Titled Tuesday Blitz February 15 Early 2022"]
[White "Poormosavi, Seyed Kian"]
[Black "Dreev, Aleksey"]
[WhiteFideId "12585807"]
[BlackFideId "4100107"]
[WhiteElo "2116"]
[BlackElo "2636"]
[Result "1-0"]
[Round "03"]
[TimeControl "180+1"]
[Date "2022.02.15"]
[WhiteClock "0:00:08"]
[BlackClock "0:00:09"]

1. Nf3 d5 2. g3 c6 3. Bg2 Bg4 4. d3 e6 5. O-O Bd6 6. Nbd2 Ne7 7. e4 O-O 8. h3 Bh5 9. g4 Bg6 10. e5 Bc7 11. Re1 c5 12. Nh4 Nec6 13. Nxg6 fxg6 14. Nf3 Nd7 15. c3 Ndxe5 16. Ng5 Qf6 17. f4 h6 18. Nxe6 Qxe6 19. fxe5 Bxe5 20. Bd2 Qf6 21. Rf1 Qh4 22. Rxf8+ Rxf8 23. Qe1 Qd8 24. Qe2 Qd6 25. Rf1 Rxf1+ 26. Qxf1 Ne7 27. Qf3 b6 28. Be3 d4 29. Bd2 dxc3 30. bxc3 Kh7 31. a4 Qd7 32. Qe4 Bf6 33. Be1 Nc8 34. h4 Nd6 35. Qd5 Qe7 36. Bg3 Nf7 37. Be4 Be5 38. h5 Bxg3 39. hxg6+ Kh8 40. gxf7 Bd6 41. Qf5 Bh2+ 42. Kxh2 g6 43. Qxg6 1-0


[Site "https://www.chess.com"]

[Event "Titled Tuesday Blitz February 15 Early 2022"]
[White "Prohorov, Olexandr"]
[Black "Gurevich, Dmitry"]
[WhiteFideId "14105578"]
[BlackFideId "2000407"]
[WhiteElo "1993"]
[BlackElo "2506"]
[Result "0-1"]
[Round "03"]
[TimeControl "180+1"]
[Date "2022.02.15"]
[WhiteClock "0:00:04"]
[BlackClock "0:00:20"]

1. Nf3 d5 2. d4 Nf6 3. c4 e6 4. Nc3 Be7 5. Bf4 O-O 6. e3 b6 7. Rc1 c5 8. cxd5 Nxd5 9. Bg3 cxd4 10. Nxd4 Nxc3 11. bxc3 Bb7 12. Bd3 Nd7 13. O-O Nc5 14. Bb1 g6 15. Qg4 Rc8 16. Rfd1 Qe8 17. h4 f5 18. Qe2 Ne4 19. Bxe4 Bxe4 20. Nxe6 Rf6 21. Nd4 Ba3 22. Ra1 Rxc3 23. Nb5 Rc2 24. Rd2 Rxd2 25. Qxd2 Qxb5 26. Qd8+ Rf8 27. Qc7 Qc6 28. Qxa7 Bc5 29. Be5 Qb7 30. Qa4 Bxg2 31. Rd1 Bc6 32. Qc4+ Qf7 33. Qc3 h6 34. f4 Kh7 35. Kf2 Qe7 36. Kg3 Rd8 37. Rxd8 Qxd8 38. h5 Qd5 39. hxg6+ Kxg6 40. e4 Qxe4 41. Qd2 Qf3+ 42. Kh2 Qh1+ 43. Kg3 Qg1+ 44. Kh3 Qg4+ 45. Kh2 Qh4# 0-1


[Site "https://www.chess.com"]

[Event "Titled Tuesday Blitz February 15 Early 2022"]
[White "Qashashvili, Alexandre"]
[Black "Sharapov, Evgeny"]
[WhiteFideId "13600842"]
[BlackFideId "14103133"]
[WhiteElo "2316"]
[BlackElo "2367"]
[Result "0-1"]
[Round "03"]
[TimeControl "180+1"]
[Date "2022.02.15"]
[WhiteClock "0:00:07"]
[BlackClock "0:01:23"]

1. e4 c5 2. Nc3 Nc6 3. Nf3 e5 4. d3 Be7 5. Be2 d6 6. h3 Nf6 7. Bg5 Nd7 8. Bxe7 Qxe7 9. Nd5 Qd8 10. c3 O-O 11. O-O Nf6 12. Nxf6+ Qxf6 13. Qd2 Be6 14. Qg5 Qxg5 15. Nxg5 Bd7 16. Rfd1 h6 17. Nf3 f5 18. exf5 Bxf5 19. Nd2 d5 20. Nb3 b6 21. Bf3 Rad8 22. c4 Be6 23. Re1 Rd6 24. a4 dxc4 25. dxc4 Bxc4 26. Ra3 Nd4 27. Nxd4 exd4 28. b3 Be6 29. Rxe6 Rxe6 30. Bd5 Re8 31. Ra2 Kf8 32. Bxe6 Rxe6 33. Kf1 Ke7 34. g4 g5 35. Rd2 Kd6 36. Kg2 Kd5 37. Kg3 c4 38. bxc4+ Kxc4 39. Rc2+ Kb3 40. Rc7 a5 41. Rd7 Kxa4 42. Rxd4+ Kb3 43. f4 gxf4+ 44. Kxf4 a4 45. Kf5 Rc6 46. Rd3+ Kc2 47. Ra3 b5 48. h4 Kb2 49. Rg3 a3 50. Rg2+ Rc2 51. Rg1 a2 52. g5 hxg5 53. hxg5 Rc1 54. Rg2+ Kb1 55. g6 Rf1+ 56. Ke6 a1=Q 57. g7 Qf6+ 0-1


[Site "https://www.chess.com"]

[Event "Titled Tuesday Blitz February 15 Early 2022"]
[White "Ratnakaran, K."]
[Black "Abramov, Alexander"]
[WhiteFideId "5005507"]
[BlackFideId "4174089"]
[WhiteElo "2391"]
[BlackElo "2138"]
[Result "1-0"]
[Round "03"]
[TimeControl "180+1"]
[Date "2022.02.15"]
[WhiteClock "0:01:18"]
[BlackClock "0:00:01"]

1. e4 c5 2. Nf3 e6 3. d3 d5 4. Nbd2 Nc6 5. g3 Nf6 6. Bg2 g6 7. O-O Bg7 8. Re1 O-O 9. c3 a5 10. e5 Nd7 11. d4 f6 12. exf6 Nxf6 13. dxc5 e5 14. Nxe5 Nxe5 15. Rxe5 Ne4 16. Rxe4 dxe4 17. Bxe4 Qc7 18. Qb3+ Kh8 19. Qb6 Qf7 20. c6 bxc6 21. Nf3 h6 22. Be3 Bf5 23. Bxc6 Rab8 24. Qxa5 Rxb2 25. Nh4 Bd3 26. Rd1 Rxf2 27. Rxd3 Rf1+ 28. Kg2 Rf2+ 29. Bxf2 Qxf2+ 30. Kh3 Qf1+ 31. Bg2 Qxd3 32. Qd5 Qxd5 33. Nxg6+ Kg8 34. Bxd5+ Rf7 35. c4 1-0


[Site "https://www.chess.com"]

[Event "Titled Tuesday Blitz February 15 Early 2022"]
[White "Reprintsev, Alexander"]
[Black "Matlakov, Maxim"]
[WhiteFideId "14100541"]
[BlackFideId "4168003"]
[WhiteElo "2126"]
[BlackElo "2661"]
[Result "0-1"]
[Round "03"]
[TimeControl "180+1"]
[Date "2022.02.15"]
[WhiteClock "0:00:17"]
[BlackClock "0:01:09"]

1. e4 c6 2. b3 d5 3. Qe2 e5 4. exd5 Bd6 5. Bb2 Nf6 6. d4 e4 7. dxc6 Nxc6 8. Nd2 O-O 9. O-O-O Re8 10. h3 Nd5 11. Nc4 Bb4 12. Ne5 Nc3 13. Bxc3 Bxc3 14. Qe3 Bxd4 15. Rxd4 Qxd4 16. Qxd4 Nxd4 17. Nc4 Be6 18. a4 Red8 19. Kb2 f5 20. g3 Rac8 21. h4 a6 22. a5 Rc5 23. Nh3 Kf8 24. Nf4 Bf7 25. h5 Ke7 26. Rh4 Kf6 27. Nh3 Nf3 28. Rf4 Bxh5 29. Be2 g5 30. Bxf3 Bxf3 0-1


[Site "https://www.chess.com"]

[Event "Titled Tuesday Blitz February 15 Early 2022"]
[White "Rodchenkov, Sergey D."]
[Black "Petrova, Irina"]
[WhiteFideId "4168712"]
[BlackFideId "14124122"]
[WhiteElo "2306"]
[BlackElo "1988"]
[Result "1-0"]
[Round "03"]
[TimeControl "180+1"]
[Date "2022.02.15"]
[WhiteClock "0:01:51"]
[BlackClock "0:00:56"]

1. e4 e5 2. Nf3 Nc6 3. Bc4 Nf6 4. d3 Bc5 5. O-O d6 6. c3 a6 7. Bb3 Ba7 8. Nbd2 O-O 9. h3 Ne7 10. Re1 Ng6 11. d4 h6 12. Nf1 Qe7 13. Ng3 Nh7 14. Be3 Ng5 15. Nxg5 hxg5 16. Nf5 Bxf5 17. exf5 Nf4 18. Qg4 Nd3 19. Bxg5 Qd7 20. Bf6 1-0


[Site "https://www.chess.com"]

[Event "Titled Tuesday Blitz February 15 Early 2022"]
[White "Rodchenkov, Vitaly"]
[Black "Balaji, Aaravamudhan"]
[WhiteFideId "4152964"]
[BlackFideId "436224"]
[WhiteElo "2337"]
[BlackElo "2085"]
[Result "0-1"]
[Round "03"]
[TimeControl "180+1"]
[Date "2022.02.15"]
[WhiteClock "0:00:13"]
[BlackClock "0:00:07"]

1. Nf3 b6 2. b3 Bb7 3. Bb2 e6 4. c4 Nf6 5. Nc3 Be7 6. e3 O-O 7. d4 d5 8. Bd3 Nbd7 9. O-O a5 10. Qe2 Ra7 11. e4 dxe4 12. Nxe4 Nxe4 13. Bxe4 Bxe4 14. Qxe4 Nf6 15. Qe2 a4 16. Ne5 Qa8 17. Rad1 axb3 18. axb3 Ra2 19. Rd2 Qe4 20. Qd1 Rfa8 21. Re1 Qh4 22. g3 Qh3 23. Bc3 Bd6 24. Rxa2 Rxa2 25. Qb1 Ra6 26. f3 h5 27. Qc2 h4 28. g4 Bxe5 29. dxe5 Nh7 30. Qg2 Qxg2+ 31. Kxg2 Ra2+ 32. Kh1 Ng5 33. Rf1 Nh3 34. Be1 g5 35. b4 Rc2 36. c5 b5 37. f4 Nxf4 38. Bxh4 Nd3 39. Bg3 Nxb4 40. Rb1 Rc4 41. Kg2 c6 42. Kf3 Nd3 43. Rd1 Nxc5 44. Rd8+ Kg7 45. Rc8 Rc3+ 46. Ke2 Ne4 47. Be1 Rc4 48. h4 gxh4 49. Bxh4 Nc3+ 50. Kd3 Nd5 51. Bf2 Rc3+ 52. Ke2 b4 53. Be1 Rc4 54. Rb8 c5 55. Bd2 Rxg4 56. Rc8 c4 57. Be3 Re4 58. Kf3 Rxe3+ 0-1


[Site "https://www.chess.com"]

[Event "Titled Tuesday Blitz February 15 Early 2022"]
[White "Roebers, Jan"]
[Black "Popadic, Dragan"]
[WhiteFideId "1007815"]
[BlackFideId "913650"]
[WhiteElo "2123"]
[BlackElo "2199"]
[Result "0-1"]
[Round "03"]
[TimeControl "180+1"]
[Date "2022.02.15"]
[WhiteClock "0:00:01"]
[BlackClock "0:00:14"]

1. e4 c5 2. d4 cxd4 3. c3 d3 4. c4 Nc6 5. Nc3 d6 6. Bxd3 Nf6 7. Nge2 g6 8. O-O Bg7 9. b3 O-O 10. Bb2 Bd7 11. Qd2 Rc8 12. Nd5 Nxd5 13. Bxg7 Kxg7 14. exd5 Nb8 15. Kh1 Kg8 16. f4 e6 17. Be4 exd5 18. Bxd5 Bc6 19. f5 Bxd5 20. f6 Bxg2+ 21. Kxg2 Kh8 22. Qh6 Rg8 23. Rf3 Qf8 24. Qxf8 Rgxf8 25. Nf4 Nc6 26. Nd5 h6 27. Rd1 Rfe8 28. Nf4 Ne5 29. Rf2 Ng4 30. Rfd2 Nxf6 31. Rxd6 Kg7 32. Nd5 Nxd5 33. R6xd5 Re2+ 34. Kg3 Rxa2 35. Rd7 b6 36. Rf1 Rf8 37. h4 h5 38. Re1 Ra3 39. Re3 Ra5 40. Ree7 Ra3 41. Re3 Kf6 42. Rc7 Kg7 43. c5 bxc5 44. Rxc5 Ra6 45. b4 Rb8 46. Re4 Rab6 47. Rcc4 R8b7 48. Rf4 Rf6 49. Rfd4 Rfb6 50. Rf4 a6 51. Rfe4 Rb5 52. Rf4 a5 53. bxa5 Rxa5 54. Rf3 Rab5 55. Rff4 Rb3+ 56. Kg2 Ra7 57. Rf2 Re7 58. Ra4 f6 59. Ra6 f5 60. Rd2 Re4 61. Rd7+ Kh6 62. Rdd6 Rg4+ 63. Kf2 Rh3 64. Ra8 Rhxh4 65. Rh8+ Kg5 66. Rg8 Rh2+ 67. Kf3 Rh3+ 68. Kf2 Kh4 69. Rh8 Ra3 70. Rb6 Kh3 71. Rh6 Rg2+ 72. Kf1 Ra1+ 0-1


[Site "https://www.chess.com"]

[Event "Titled Tuesday Blitz February 15 Early 2022"]
[White "Rosenberg, Evan S"]
[Black "Bayramov, Zaur"]
[WhiteFideId "2019299"]
[BlackFideId "13405080"]
[WhiteElo "2321"]
[BlackElo "2166"]
[Result "1-0"]
[Round "03"]
[TimeControl "180+1"]
[Date "2022.02.15"]
[WhiteClock "0:00:07"]
[BlackClock "0:01:20"]

1. Nf3 Nf6 2. c4 e6 3. g3 d5 4. Bg2 Be7 5. O-O O-O 6. d4 dxc4 7. Qc2 Nbd7 8. Nbd2 c6 9. Nxc4 Nb6 10. b3 Nxc4 11. bxc4 c5 12. e3 Qc7 13. Rd1 b6 14. d5 exd5 15. cxd5 Bb7 16. e4 Nd7 17. Bf4 Qc8 18. e5 Re8 19. Qf5 Nf8 20. Qxc8 Rexc8 21. Bh3 Re8 22. Bg2 Bd8 23. d6 Ne6 24. Nd2 Bxg2 25. Kxg2 b5 26. Ne4 c4 27. Be3 a6 28. f4 g6 29. Nc5 Nxc5 30. Bxc5 Ba5 31. a3 Red8 32. Bb4 Bb6 33. Re1 a5 34. Bd2 Bc5 35. Rab1 Rdb8 36. Bc1 b4 37. axb4 axb4 38. Be3 Ra2+ 39. Kh3 Bxe3 40. Rxe3 b3 41. g4 Rc2 42. f5 c3 43. e6 b2 44. e7 Rc1 45. e8=Q+ Rxe8 46. Rxe8+ Kg7 47. d7 gxf5 48. d8=Q fxg4+ 49. Kh4 h6 50. Rg8+ Kh7 51. Rh8+ Kg7 52. Qg8+ Kf6 53. Rxh6+ Ke7 54. Qg5+ Ke8 55. Rxc1 bxc1=Q 56. Qxc1 c2 57. Qxc2 Ke7 58. Kxg4 f5+ 59. Qxf5 Ke8 60. Qg6+ Kf8 61. Rh8+ Ke7 62. Rh7+ Kf8 63. Qg7+ Ke8 64. Rh8# 1-0


[Site "https://www.chess.com"]